 Dungeon Crawl Stone Soup version 0.31.0-11-ge490571c62 (webtiles) character file.

Game seed: 1969440617679870745

3128045 Strat the Slayer (level 25, 153/153 HPs)
             Began as a Vine Stalker Fighter on Jan 30, 2024.
             Was the Champion of Okawaru.
             Escaped with the Orb
             ... and 3 runes
             ... and 5 gems (4 intact) on Jan 31, 2024!
             The game lasted 02:37:41 (30701 turns).

Strat the Slayer (Vine Stalker Fighter)            Turns: 30701, Time: 02:37:41

Health: 153/153    AC: 46    Str: 32    XL:     25   Next: 81%
Magic:  33/33      EV: 10    Int: 20    God:    Okawaru [******]
Gold:   3450       SH: 13    Dex: 17    Spells: 24/24 levels left

rFire   + + .        b - +9 quick blade (elec)
rCold   + + +        c - +0 kite shield {rN+}
rNeg    + + .        O - +12 crystal plate armour of the Doldrums {Int+6}
rPois   .            K - +2 helmet {SInv}
rElec   +            f - scarf of Tortured Knowledge {repulsion, -Cast rElec rC+++}
rCorr   +            j - +0 pair of gloves of Jannuuta {rF+ rC+ Stlth+}
SInv    +            G - +2 pair of boots
Will    ++++.        T - amulet "Xaluank" {Acrobat rCorr Int+4} Stlth
                     r - ring "Fyerukhle" {rElec rF+ Will+ Slay+3}
HPRegen 1.25/turn    u - ring "Yjijan" {+Blink rN+ Str+6 Int+2 Dex-2 Slay+2}
MPRegen 0.23/turn

%: no spellcasting, random rage (3%), repel missiles, acrobat, guardian spirit
@: no status effects
A: fangs 3, regeneration 1, magic shield, antimagic bite, no potion heal 2,
berserk 1
0: Orb of Zot
}: 3/15 runes: barnacled, silver, gossamer
a: Renounce Religion, Evoke Blink, Heroism, Finesse, Duel


You escaped.
You worshipped Okawaru.
Okawaru was exalted by your worship.
You visited 9 branches of the dungeon, and saw 45 of its levels.
You also visited: Bailey.

You collected 5128 gold pieces.
You spent 1678 gold pieces at shops.

Inventory:

Hand Weapons
 b - a +9 quick blade of electrocution (weapon)
Missiles
 d - 18 atropa-tipped darts
 h - a datura-tipped dart
 m - 37 silver javelins (quivered)
 n - 3 throwing nets
 I - 18 curare-tipped darts
 L - 29 javelins
 U - 8 darts of dispersal
Armour
 c - a +0 kite shield of positive energy (worn)
 f - the scarf of Tortured Knowledge (worn) {repulsion, -Cast rElec rC+++}
   (You acquired it on level 1 of the Depths)

   rC+++:     It renders you almost immune to cold.
   rElec:     It insulates you from electricity.
   -Cast:     It prevents spellcasting.
 j - the +0 pair of gloves of Jannuuta (worn) {rF+ rC+ Stlth+}
   (You bought it in a shop on level 2 of the Orcish Mines)

   rF+:       It protects you from fire.
   rC+:       It protects you from cold.
   Stlth+:    It makes you more stealthy.
 G - a +2 pair of boots (worn)
 K - a +2 helmet of see invisible (worn)
 O - the +12 crystal plate armour of the Doldrums (worn) {Int+6}
   (Okawaru gifted it to you on level 1 of the Lair of Beasts)

   Int+6:     It affects your intelligence (+6).
Jewellery
 a - a ring of willpower
 g - a ring of flight
 r - the ring "Fyerukhle" (left hand) {rElec rF+ Will+ Slay+3}
   (You bought it in a shop on level 2 of the Orcish Mines)

   [ring of willpower]

   Slay+3:    It affects your accuracy & damage with ranged weapons and melee
   (+3).
   rF+:       It protects you from fire.
   rElec:     It insulates you from electricity.
   Will+:     It increases your willpower.
 u - the ring "Yjijan" (right hand) {+Blink rN+ Str+6 Int+2 Dex-2 Slay+2}
   (You took it off a merfolk on level 3 of the Shoals)

   [ring of strength]

   Str+6:     It affects your strength (+6).
   Int+2:     It affects your intelligence (+2).
   Dex-2:     It affects your dexterity (-2).
   Slay+2:    It affects your accuracy & damage with ranged weapons and melee
   (+2).
   rN+:       It protects you from negative energy.
   +Blink:    It lets you blink.
 Q - a ring of poison resistance
 T - the amulet "Xaluank" (around neck) {Acrobat rCorr Int+4}
   (You found it on level 4 of the Lair of Beasts)

   [amulet of the acrobat]

   Acrobat:   It increases your evasion while moving and waiting.
   Int+4:     It affects your intelligence (+4).
   rCorr:     It protects you from acid and corrosion.
Wands
 e - a wand of mindburst (24)
 l - a wand of paralysis (32)
 w - a wand of flame (79)
 y - a wand of polymorph (7)
 F - a wand of iceblast (39)
 V - a wand of quicksilver (28)
Scrolls
 i - 3 scrolls of silence
 k - 4 scrolls of teleportation
 o - 3 scrolls of immolation
 s - 6 scrolls of amnesia
 z - 2 scrolls of fear
 B - 4 scrolls of fog
 H - a scroll of torment
 J - a scroll of vulnerability
 M - 3 scrolls of poison
 W - a scroll of enchant armour
Potions
 p - 3 potions of ambrosia
 q - 9 potions of curing
 t - a potion of magic
 v - 2 potions of enlightenment
 A - 3 potions of haste
 C - 2 potions of cancellation
 D - 2 potions of mutation
 E - 3 potions of invisibility
 N - a potion of might
 P - 7 potions of lignification
 X - 2 potions of berserk rage
 Y - a potion of resistance
 Z - 2 potions of attraction
Miscellaneous
 R - a condenser vane


   Skills:
 + Level 22.4 Fighting
 - Level 14.0 Short Blades
 + Level 13.3 Throwing
 - Level 17.0 Armour
 + Level 7.6 Dodging
 - Level 6.6 Stealth
 - Level 12.4 Shields
 + Level 13.3 Invocations
 - Level 12.5 Evocations


You had 24 spell levels left.
You didn't know any spells.
Your spell library contained the following spells:

 Spells                   Type           Power      Damage    Failure   Level
 Apportation              Tloc           0%         N/A       97%         1
 Freeze                   Ice            0%         1d3       97%         1
 Sandblast                Erth           0%         2d4       97%         1
 Ensorcelled Hibernation  Hex/Ice        0%         N/A       99%         2
 Jinxbite                 Hex            0%         N/A       99%         2
 Lesser Beckoning         Tloc           0%         N/A       99%         2
 Static Discharge         Conj/Air       0%         3-3/arc   99%         2
 Dazzling Flash           Conj/Hex       0%         N/A       100%        3
 Frozen Ramparts          Ice            0%         1d1       100%        3
 Fugue of the Fallen      Necr           0%         N/A       100%        3
 Gell's Gravitas          Tloc           0%         N/A       100%        3
 Hailstorm                Conj/Ice       0%         3d5       100%        3
 Passwall                 Erth           0%         N/A       100%        3
 Stone Arrow              Conj/Erth      0%         3d7       100%        3
 Swiftness                Air            0%         N/A       100%        3
 Teleport Other           Tloc           0%         N/A       100%        3
 Volatile Blastmotes      Fire/Tloc      0%         2d10      100%        3
 Airstrike                Air            0%         2d(0-16)  100%        4
 Anguish                  Hex/Necr       0%         N/A       100%        4
 Brom's Barrelling Bould  Conj/Erth      0%         2d3       100%        4
 Dimensional Bullseye     Hex/Tloc       0%         N/A       100%        4
 Ignite Poison            Fire/Alch      0%         N/A       100%        4
 Iskenderun's Mystic Bla  Conj/Tloc      0%         2d3       100%        4
 Olgreb's Toxic Radiance  Alch           0%         N/A       100%        4
 Sticky Flame             Fire/Alch      0%         2d4       100%        4
 Alistair's Intoxication  Alch           0%         N/A       100%        5
 Borgnjor's Vile Clutch   Necr/Erth      0%         N/A       100%        5
 Curse of Agony           Necr           0%         N/A       100%        5
 Yara's Violent Unravell  Hex/Alch       0%         3d3       100%        5
 Conjure Ball Lightning   Conj/Air       0%         3x3d6     100%        6
 Eringya's Noxious Bog    Alch           0%         4d6       100%        6
 Starburst                Conj/Fire      0%         6d3       100%        6
 Enfeeble                 Hex            0%         N/A       100%        7
 Ozocubu's Refrigeration  Ice            0%         4d7       100%        7
 Borgnjor's Revivificati  Necr           0%         N/A       100%        8
 Discord                  Hex            0%         N/A       100%        8
 Disjunction              Tloc           0%         N/A       100%        8
 Ignition                 Fire           0%         3d3       100%        8
 Maxwell's Capacitive Co  Air            0%         ∞         100%        8
 Summon Ice Beast         Ice/Summ       Unusable   N/A       N/A         3
 Tukima's Dance           Hex            Unusable   N/A       N/A         3
 Animate Dead             Necr           Unusable   N/A       N/A         4
 Summon Lightning Spire   Summ/Air       Unusable   N/A       N/A         4
 Sculpt Simulacrum        Ice/Alch       Unusable   N/A       N/A         6
 Haunt                    Necr/Summ      Unusable   N/A       N/A         7
 Infestation              Necr           Unusable   N/A       N/A         8

Dungeon Overview and Level Annotations

Branches:
Dungeon (15/15)            Temple (1/1) D:5            Lair (5/5) D:11
 Shoals (4/4) Lair:3       Spider (4/4) Lair:3        Slime (0/5) Lair:5
    Orc (2/2) D:9             Elf (0/3) Orc:2        Vaults (5/5) D:14
 Depths (4/4) D:15            Zot (5/5) Depths:4     Bailey (visited)
  Crypt: Vaults:2-3

Altars:
Ashenzari
Cheibriados
Dithmenos
Elyvilon
Fedhas
Gozag
Hepliaklqana
Kikubaaqudgha
Makhleb
Nemelex Xobeh
Okawaru
Qazlal
Ru
Sif Muna
Trog
Uskayaw
Vehumet
Wu Jian
Xom
Yredelemnul
Zin
The Shining One
Jiyva

Shops:
D:12 (   Orc:2 *=[   Vaults:5 !(

Portals:
Hell: Depths:2 Depths:3 Depths:4
Pandemonium: Depths:2 Depths:3
Ziggurat: Depths:1

Annotations:
D:3 2 transporters, Gadfly's ghost, amateur DsMo
Lair:5 exclusion: obsidian statue
Shoals:2 2 transporters, exclusion: orange crystal statue
Vaults:2 Mara
Depths:4 Frederick


Innate Abilities, Weirdness & Mutations

You have razor-sharp teeth.
Your natural rate of healing is unusually fast.
When hurt, damage is shared between your health and your magic reserves.
Your bite disrupts and absorbs the magic of your enemies.
Potions cannot restore your health.
You sometimes lose your temper in combat.


Message History

Found 14 gold pieces.
The quokka completely misses you. The quokka attacks as it pursues you!
You block the quokka's attack.
Found a stone staircase leading down.
The quokka attacks as it pursues you! The quokka barely misses you.
The quokka attacks as it pursues you! You block the quokka's attack.
The giant cockroach attacks as it pursues you!
You block the giant cockroach's attack. The quokka misses you.
The quokka attacks as it pursues you! You block the quokka's attack.
A ball python comes into view.
The ball python hisses angrily.
You block the giant cockroach's attack. You block the ball python's attack.
The ball python completely misses you.
You hit the ball python. You bite the ball python.
You kill the ball python!
You block the quokka's attack. You block the giant cockroach's attack.
The giant cockroach attacks as it pursues you!
You block the giant cockroach's attack.
The giant cockroach attacks as it pursues you!
The giant cockroach misses you.
You hit the giant cockroach.
You kill the giant cockroach!
You block the quokka's attack.
You see here a giant cockroach corpse.
You hit the quokka.
You kill the quokka!
No target in view!
A hellion comes into view.
You puncture the hellion! Your bite misses the hellion.
You puncture the hellion! Lightning courses through the hellion!
You bite the hellion.
You kill the hellion!
Okawaru accepts your kill.
No target in view!
No target in view!
You open the door.
There is an open door here.
There is a staircase leading out of the dungeon here.
You have escaped!

..# ###.............### ..####
##.................## .....#
##......####.........##
..##.###.....########........##
..##.##.....###....####.......#
.....##....##........###......##
####.#....###...###...##.......#
.....#....##.(.###'#..###......##
.###.#....##..##@.###..##.......#
.# #.#....###..##.###..###......#
.# #.##....##.[...##...###......#
.###.###....#######....##........
.....# #......####....###........
.....# ##............## #........
.###.#######......#### ##........
.......## ######## #.....>...
........#### #####.........


There were no monsters in sight!

Vanquished Creatures
  A dread lich (Vaults:5)
  3 ancient liches
  An orb of fire (Zot:5)
  A juggernaut (Depths:4)
  Sojobo (Vaults:2)
  2 Killer Klowns (Zot:5)
  Norris (Vaults:2)
  5 golden dragons
  2 curse toes
  2 bone dragons (Depths:4)
  8 tentacled monstrosities
  2 Ice Fiends
  An electric golem (Zot:5)
  Rupert (D:14)
  Jorgrun (D:13)
  21 Orb Guardians (Zot:5)
  4 quicksilver dragons
  2 liches
  A walking frostbound tome (Depths:3)
  Asterion (Vaults:2)
  8 titans
  A walking divine tome (Depths:2)
  A walking earthen tome (Depths:2)
  5 sphinxes
  Frances (Shoals:2)
  Gastronok (Lair:3)
  Polyphemus (Shoals:2)
  7 death cobs
  Kirke (Lair:4)
  8 storm dragons
  6 tengu reavers
  5 protean progenitors
  5 fire giants
  7 shadow dragons
  2 demonspawn warmongers (Zot:2)
  Ilsuiw (Shoals:2)
  2 emperor scorpions (Spider:4)
  2 draconian knights
  3 narguns (Depths:2)
  5 draconian monks
  9 ghost moths
  3 draconian shifters (Zot:3)
  4 draconian scorchers
  13 vault wardens
  A balrug (Zot:2)
  An iron dragon (Vaults:5)
  6 frost giants
  An angel (Shoals:4)
  5 broodmothers
  An orc warlord (Orc:1)
  3 spriggan defenders (Depths:2)
  2 formless jellyfish
  16 ironbound preservers
  2 quicksilver oozes (Zot:2)
  A draconian annihilator (Zot:5)
  6 very ugly things
  2 reapers
  9 stone giants
  6 ironbound thunderhulks
  A deep elf death mage (Depths:1)
  3 deep elf demonologists (Vaults:5)
  An apis (Shoals:4)
  6 vampire knights
  7 green draconians
  A deep elf annihilator (Vaults:5)
  5 war gargoyles
  7 purple draconians
  5 red draconians
  7 white draconians
  Azrael (D:12)
  4 spark wasps
  7 black draconians
  2 blizzard demons
  5 dire elephants
  4 yellow draconians
  4 merfolk javelineers (Shoals:4)
  3 jiangshi
  10 ettins
  8 merfolk impalers
  29 vault guards
  A deep elf high priest (Vaults:5)
  3 peacekeepers
  6 great orbs of eyes
  14 yaktaur captains
  10 fire dragons
  5 ice dragons
  3 rakshasas
  11 entropy weavers
  5 hydras
  4 spriggan air magi (Depths:2)
  2 jorogumos (Spider:4)
  16 ironbound frosthearts
  An anaconda (Zot:3)
  3 radroaches
  A hell beast (D:5)
  A spriggan skeleton (Depths:2)
  4 two-headed ogres
  6 centaur warriors
  2 merfolk aquamancers (Shoals:4)
  A catoblepas (Shoals:2)
  A two-headed ogre (shapeshifter) (Vaults:5)
  7 boulder beetles
  A satyr (Shoals:4)
  An alligator snapping turtle (Shoals:4)
  4 dancing weapons
  5 demonic crawlers
  5 tengu warriors
  A deep troll earth mage (Depths:2)
  3 deep troll shamans
  12 death yaks
  6 spriggan berserkers
  Urug (Orc:2)
  6 orc high priests (Orc:2)
  An occultist (Depths:2)
  2 vampire magi (Depths:2)
  A soul eater (Depths:2)
  A titan zombie (Depths:2)
  12 hell knights
  Sonja (Orc:2)
  2 sun demons (Zot:2)
  3 iron trolls (Depths:2)
  7 skysharks
  5 pharaoh ants
  A storm dragon zombie (Depths:2)
  2 spectral death yaks (Lair:5)
  3 shadow wraiths
  A spark wasp zombie (Depths:2)
  A fire crab (Lair:5)
  48 deep trolls
  10 sea snakes
  7 skeletal warriors
  A cherub (Shoals:4)
  A sixfirhy (D:2)
  A spectral anaconda (Lair:5)
  A shadow demon (D:4)
  A sun moth (Spider:4)
  9 orb spiders
  4 arcanists
  A golden dragon zombie (Depths:2)
  3 lindwurms
  A flayed ghost (Depths:2)
  A deep troll (shapeshifter) (Vaults:5)
  A phantasmal warrior (Vaults:5)
  A swamp dragon (shapeshifter) (Vaults:5)
  17 ironbound convokers
  5 steelbarb worms
  A deep elf pyromancer (D:15)
  A shadow dragon zombie (Depths:2)
  10 necromancers
  3 orc knights
  11 harpies
  A lindwurm (shapeshifter) (Depths:2)
  2 orc sorcerers
  An elf skeleton (Vaults:2)
  21 wolf spiders
  6 cyclopes
  9 manticores
  Maurice (D:7)
  39 ugly things
  2 human zombies
  6 fauns
  6 meliai
  19 moths of wrath
  3 salamanders
  A shining eye (shapeshifter) (Vaults:4)
  14 elephants
  3 kobold blastminers
  20 vault sentinels
  14 merfolk sirens
  5 torpor snails
  A water nymph (Shoals:1)
  4 black mambas
  2 dire elephant zombies (Lair:5)
  3 gargoyles
  An eye of devastation (Lair:5)
  15 cane toads
  A yaktaur zombie (Vaults:1)
  A freezing wraith (Vaults:5)
  11 komodo dragons
  A kobold demonologist (D:14)
  2 unseen horrors
  4 rime drakes
  A hellion (D:1)
  27 yaktaurs
  Psyche (D:8)
  A tengu conjurer (Depths:1)
  A yaktaur skeleton (Vaults:2)
  4 harpy zombies (Shoals:3)
  12 merfolk
  24 tarantellas
  4 wind drakes
  4 trolls
  A human simulacrum (Vaults:1)
  2 glass eyes
  5 snapping turtles
  26 blink frogs
  An elf simulacrum (Vaults:2)
  20 dream sheep
  A spriggan zombie (Depths:2)
  7 hornets
  A spectral elephant (Lair:5)
  28 slime creatures
  23 jumping spiders
  2 shadows
  6 spriggans
  7 water elementals
  16 culicivoras
  Sigmund (D:5)
  3 hogs (Lair:4)
  A wraith (D:10)
  2 fire elementals (D:12)
  4 wyverns
  30 yaks
  A spriggan (shapeshifter) (D:14)
  2 vampires
  4 basilisks
  Eustachio (D:4)
  5 wargs
  3 steam dragons
  32 redbacks
  2 death yak simulacra (Lair:5)
  A neqoxec (Depths:1)
  18 vampire mosquitoes
  2 acid dragons
  3 hell hounds (D:12)
  15 water moccasins
  A manticore zombie (Shoals:3)
  37 orc warriors
  2 sky beasts
  4 black bears
  An elephant zombie (Lair:5)
  9 ogres
  12 wolves
  5 centaurs
  An elephant skeleton (Lair:5)
  4 kobold brigands
  Blork the orc (D:5)
  17 bullfrogs
  A scorpion (D:6)
  A cane toad simulacrum (Lair:5)
  A glowing shapeshifter simulacrum (Vaults:2)
  3 human skeletons
  5 wights
  12 killer bees (D:9)
  An electric eel (Lair:5)
  2 howler monkeys (D:7)
  2 jellies (D:5)
  16 orc priests
  3 hounds
  7 hell rats (Lair:5)
  2 iguanas
  3 sleepcaps
  23 orc wizards
  7 adders
  8 gnolls
  13 white imps
  2 ufetubi (D:7)
  2 ribbon worms
  2 dart slugs
  77 orcs
  6 ball pythons
  6 endoplasms
  3 giant cockroaches
  8 goblins
  6 hobgoblins
  20 kobolds
  4 quokkas
  3 bats (D:1)
  3 frilled lizards
  8 rats
  An aspiring flesh (Zot:3)
  A tentacle (Shoals:4)
1608 creatures vanquished.

Vanquished Creatures (others)
  A vampire knight (Depths:2)
  A spectral weapon (Orc:1)
  20 tentacles (Shoals:4)
22 creatures vanquished.

Grand Total: 1630 creatures vanquished

Notes
Turn   | Place    | Note
-------+----------+-------------------------------------------
     0 | D:1      | Strat the Vine Stalker Fighter began the quest for the Orb.
     0 | D:1      | Reached XP level 1. HP: 11/11 MP: 2/2
   163 | D:1      | Reached XP level 2. HP: 16/16 MP: 1/3
   237 | D:1      | Reached skill level 3 in Fighting
   528 | D:2      | Reached XP level 3. HP: 20/20 MP: 4/4
   540 | D:2      | Found a broken altar of Ashenzari.
   755 | D:3      | Found a transporter.
   759 | D:3      | Noticed Gadfly's ghost (amateur DsMo)
   760 | D:3      | Found a transporter.
   786 | D:3      | Found an ancient bone altar of Kikubaaqudgha.
   830 | D:3      | Reached XP level 4. HP: 24/24 MP: 1/5
  1014 | D:3      | Reached XP level 5. HP: 26/28 MP: 4/6
  1542 | D:4      | Noticed Eustachio
  1577 | D:4      | Killed Eustachio
  1578 | D:4      | Reached skill level 4 in Fighting
  1578 | D:4      | Reached skill level 5 in Short Blades
  1578 | D:4      | Reached XP level 6. HP: 20/33 MP: 3/7
  1635 | D:4      | Found a bloodstained altar of Trog.
  1636 | D:4      | Found a white marble altar of Elyvilon.
  1639 | D:4      | Found a burning altar of Makhleb.
  1641 | D:4      | Found a shimmering blue altar of Sif Muna.
  1732 | D:5      | Entered Level 5 of the Dungeon
  1737 | D:5      | Noticed an ice beast
  1773 | D:5      | Noticed a black bear
  1788 | D:5      | Killed a black bear
  1789 | D:5      | Reached XP level 7. HP: 38/38 MP: 8/8
  1871 | D:5      | Found a staircase to the Ecumenical Temple.
  1881 | Temple   | Entered the Ecumenical Temple
  1912 | Temple   | Became a worshipper of Warmaster Okawaru
  2122 | D:5      | Noticed Blork the orc
  2132 | D:5      | Killed Blork the orc
  2133 | D:5      | Reached skill level 5 in Fighting
  2200 | D:5      | Noticed Sigmund
  2205 | D:5      | Killed Sigmund
  2205 | D:5      | Reached * piety under Okawaru
  2206 | D:5      | Gained mutation: You have razor-sharp teeth. [Vine Stalker
                  | growth]
  2206 | D:5      | Reached XP level 8. HP: 35/44 MP: 5/9
  2403 | D:6      | Reached skill level 6 in Fighting
  2495 | D:6      | Reached ** piety under Okawaru
  2583 | D:7      | Reached XP level 9. HP: 43/49 MP: 10/10
  2802 | D:7      | Noticed Maurice
  2806 | D:7      | Maurice stole 218 gold
  2814 | D:7      | Killed Maurice
  2814 | D:7      | Reached *** piety under Okawaru
  2843 | D:7      | Identified the +5 ring mail of Discretion {rElec rC+ Str+2
                  | Dex+3}
  2914 | D:7      | Reached skill level 7 in Fighting
  2965 | D:8      | Noticed Psyche
  2989 | D:8      | Killed Psyche
  3080 | D:8      | Found a flagged portal.
  3110 | Bailey   | Entered a bailey
  3134 | D:8      | Reached **** piety under Okawaru
  3323 | D:8      | Noticed a hornet
  3330 | D:8      | Killed a hornet
  3368 | D:9      | Reached XP level 10. HP: 55/55 MP: 11/11
  3388 | D:9      | Reached skill level 10 in Short Blades
  3684 | D:9      | Reached skill level 5 in Armour
  3691 | D:9      | Reached ***** piety under Okawaru
  3818 | D:9      | Found a staircase to the Orcish Mines.
  3845 | D:9      | Reached skill level 8 in Fighting
  3927 | Orc:1    | Entered Level 1 of the Orcish Mines
  4306 | Orc:1    | Noticed a kobold blastminer
  4329 | Orc:1    | Killed a kobold blastminer
  4330 | Orc:1    | Reached XP level 11. HP: 60/60 MP: 12/12
  4334 | Orc:1    | Noticed an orc sorcerer
  4350 | Orc:1    | Killed an orc sorcerer
  4394 | Orc:2    | Entered Level 2 of the Orcish Mines
  4414 | Orc:1    | Received a gift from Okawaru
  4700 | D:10     | Entered Level 10 of the Dungeon
  4937 | D:10     | Reached skill level 9 in Fighting
  5080 | D:10     | Identified the +6 chain mail of Death's Door {rF- Will+
                  | Int+3 Slay+3}
  5548 | D:11     | Noticed a boulder beetle
  5620 | D:11     | Killed a boulder beetle
  5763 | D:11     | Found a staircase to the Lair.
  5790 | D:11     | Received a gift from Okawaru
  5801 | Lair:1   | Entered Level 1 of the Lair of Beasts
  5899 | Lair:1   | Reached ****** piety under Okawaru
  5910 | Lair:1   | Reached skill level 1 in Throwing
  5935 | Lair:1   | Reached XP level 12. HP: 33/67 MP: 11/13
  6006 | Lair:1   | Acquired a +3 quick blade of electrocution
  6006 | Lair:1   | Received a gift from Okawaru
  6008 | Lair:1   | Acquired the +12 crystal plate armour of the Doldrums
                  | {Int+6}
  6008 | Lair:1   | Received a gift from Okawaru
  6043 | Lair:1   | Received a gift from Okawaru
  6178 | Lair:1   | Identified the +0 ring mail "Picusk" {Will+}
  6576 | Lair:2   | Reached skill level 10 in Fighting
  6820 | Lair:3   | You fall into a shaft and drop 2 floors!
  6820 | Lair:5   | Entered Level 5 of the Lair of Beasts
  6820 | Lair:5   | Noticed a skyshark
  6837 | Lair:5   | Killed a skyshark
  6877 | Lair:5   | Received a gift from Okawaru
  6968 | Lair:5   | Identified the +5 spear of Tetalal {venom, rN+ MP+9 Int+3}
  6969 | Lair:5   | Got an earthy gem with 2682 turns to spare
  6996 | Lair:5   | Noticed a death yak
  7012 | Lair:5   | Reached skill level 1 in Invocations
  7012 | Lair:5   | Reached XP level 13. HP: 72/72 MP: 14/14
  7069 | Lair:5   | Received a gift from Okawaru
  7141 | Lair:5   | Noticed a dire elephant
  7165 | Lair:5   | Killed a dire elephant
  7284 | Lair:5   | Received a gift from Okawaru
  7345 | Lair:5   | Reached skill level 10 in Armour
  7471 | Lair:5   | Reached skill level 11 in Fighting
  7592 | Lair:5   | Received a gift from Okawaru
  7597 | Lair:5   | Reached skill level 5 in Invocations
  7681 | Lair:5   | Found a staircase to the Slime Pits.
  7681 | Lair:5   | Found a viscous altar of Jiyva.
  7721 | Lair:5   | Reached XP level 14. HP: 73/79 MP: 19/19
  7800 | Lair:5   | Received a gift from Okawaru
  7811 | Lair:5   | Reached skill level 5 in Shields
  8097 | Lair:4   | Identified the amulet "Xaluank" {Acrobat rCorr Int+4}
  8123 | Lair:4   | Reached skill level 12 in Fighting
  8184 | Lair:4   | Noticed Kirke
  8218 | Lair:4   | Received a gift from Okawaru
  8506 | Lair:4   | Killed Kirke
  9001 | Lair:3   | Noticed Gastronok
  9027 | Lair:3   | Killed Gastronok
  9027 | Lair:3   | Received a gift from Okawaru
  9104 | Lair:3   | Found a hole to the Spider Nest.
  9265 | Lair:3   | Found a staircase to the Shoals.
  9291 | Lair:3   | Reached skill level 13 in Fighting
  9361 | Shoals:1 | Entered Level 1 of the Shoals
  9482 | Shoals:1 | Received a gift from Okawaru
  9574 | Shoals:1 | Reached XP level 15. HP: 86/86 MP: 23/23
  9696 | Shoals:2 | Noticed Ilsuiw
  9720 | Shoals:2 | Reached skill level 10 in Invocations
  9731 | Shoals:2 | Found a transporter.
  9823 | Shoals:2 | Noticed Polyphemus
  9828 | Shoals:2 | Noticed Frances
  9881 | Shoals:2 | Killed Ilsuiw
  9882 | Shoals:2 | Reached skill level 1 in Stealth
  9909 | Shoals:2 | Found a transporter.
  9931 | Shoals:2 | Received a gift from Okawaru
  9932 | Shoals:2 | Reached skill level 1 in Evocations
  9948 | Shoals:2 | Killed Frances
  9986 | Shoals:2 | Found Daerghab's Book Shop.
 10030 | Shoals:2 | Reached skill level 14 in Fighting
 10104 | Shoals:2 | Killed Polyphemus
 10381 | Shoals:3 | Reached skill level 5 in Stealth
 10447 | Shoals:3 | Identified a scroll of acquirement
 10447 | Shoals:3 | Acquired 654 gold pieces
 10485 | Shoals:4 | Entered Level 4 of the Shoals
 10489 | Shoals:4 | Received a gift from Okawaru
 10707 | Shoals:4 | Noticed a kraken
 10718 | Shoals:4 | Received a gift from Okawaru
 10788 | Shoals:4 | Found a white marble altar of Elyvilon.
 10812 | Shoals:4 | Reached skill level 5 in Evocations
 10830 | Shoals:3 | Identified the ring "Yjijan" {+Blink rN+ Str+6 Int+2 Dex-2
                  | Slay+2}
 11116 | Shoals:4 | Found a glowing golden altar of the Shining One.
 11133 | Shoals:4 | Reached skill level 15 in Fighting
 11133 | Shoals:4 | Noticed an angel
 11149 | Shoals:4 | Reached XP level 16. HP: 80/95 MP: 24/24
 11157 | Shoals:4 | Received a gift from Okawaru
 11267 | Shoals:4 | Got an azure gem with 70 turns to spare
 11269 | Shoals:4 | Got a barnacled rune of Zot
 11344 | Shoals:4 | Lost the azure gem through the power of Zot.
 11613 | Shoals:2 | Received a gift from Okawaru
 11829 | Spider:1 | Entered Level 1 of the Spider Nest
 12384 | Spider:2 | Received a gift from Okawaru
 12689 | Spider:3 | Reached skill level 16 in Fighting
 12841 | Spider:4 | Entered Level 4 of the Spider Nest
 13112 | Spider:3 | Received a gift from Okawaru
 13237 | Spider:3 | Reached XP level 17. HP: 100/100 MP: 25/25
 13501 | Spider:4 | Received a gift from Okawaru
 13787 | Spider:4 | Reached skill level 5 in Throwing
 13819 | Spider:4 | Received a gift from Okawaru
 14036 | Spider:4 | Identified the +0 hat of Qazlal's Condemnation {Str+2}
 14088 | Spider:4 | Got a milky-white gem with 342 turns to spare
 14092 | Spider:4 | Got a gossamer rune of Zot
 14511 | Orc:2    | Found Luegyaw's General Store.
 14554 | Orc:2    | Bought a scroll of enchant weapon for 75 gold pieces
 14554 | Orc:2    | Bought the +0 pair of gloves of Jannuuta {rF+ rC+ Stlth+}
                  | for 283 gold pieces
 14632 | Orc:2    | Reached skill level 10 in Evocations
 14734 | Orc:2    | Found a staircase to the Elven Halls.
 14771 | Orc:2    | Found Haise's Jewellery Shoppe.
 14784 | Orc:2    | Bought the ring "Fyerukhle" {rElec rF+ Will+ Slay+3} for
                  | 586 gold pieces
 14821 | Orc:2    | Noticed Sonja
 14828 | Orc:2    | Killed Sonja
 14841 | Orc:2    | Received a gift from Okawaru
 14864 | Orc:2    | Found Itsibeecal's Antique Armour Shoppe.
 14921 | Orc:2    | Bought a fine buckler for 228 gold pieces
 14921 | Orc:2    | Identified the +0 buckler "Uleday" {^Drain rElec MP+9} (You
                  | bought it in a shop on level 2 of the Orcish Mines)
 14955 | Orc:2    | Found a radiant altar of Vehumet.
 15154 | Orc:2    | Found Nahoasmy's Antique Weapon Shop.
 15200 | Orc:2    | Noticed Urug
 15212 | Orc:2    | Killed Urug
 15630 | D:11     | Reached skill level 17 in Fighting
 16305 | D:12     | Reached XP level 18. HP: 108/108 MP: 26/26
 16306 | D:12     | Reached XP level 19. HP: 112/112 MP: 27/27
 16316 | D:12     | Found a frozen archway.
 16421 | D:12     | Reached XP level 20. HP: 117/117 MP: 28/28
 16592 | D:12     | Noticed Azrael
 16603 | D:12     | Killed Azrael
 16639 | D:12     | Found Miomnoc's Weapon Boutique.
 16932 | D:13     | Noticed Jorgrun
 16953 | D:13     | Killed Jorgrun
 17121 | D:13     | Received a gift from Okawaru
 18007 | D:14     | Noticed Rupert
 18017 | D:14     | Killed Rupert
 18570 | D:14     | Found a gate to the Vaults.
 18580 | Vaults:1 | Entered Level 1 of the Vaults
 18746 | Vaults:1 | Paralysed by a formless jellyfish for 1 turns
 18751 | Vaults:1 | Received a gift from Okawaru
 19154 | Vaults:1 | Reached skill level 10 in Throwing
 19474 | Vaults:2 | Reached skill level 18 in Fighting
 19546 | Vaults:2 | Received a gift from Okawaru
 19725 | Vaults:2 | Identified the +0 plate armour "Fuyxticw" {rC+ Str+2 Int+3}
 20035 | Vaults:2 | Noticed Norris
 20054 | Vaults:2 | Killed Norris
 20283 | Vaults:2 | Noticed Asterion
 20286 | Vaults:2 | Noticed Sojobo
 20297 | Vaults:2 | Killed Asterion
 20299 | Vaults:2 | Received a gift from Okawaru
 20320 | Vaults:2 | Killed Sojobo
 20321 | Vaults:2 | Reached XP level 21. HP: 44/124 MP: 29/29
 20350 | Vaults:2 | Noticed Mara
 20598 | Vaults:3 | Identified the +0 leather armour "Xeazxeat" {+Blink}
 20804 | Vaults:3 | Received a gift from Okawaru
 20943 | Vaults:3 | Reached skill level 19 in Fighting
 21561 | Vaults:4 | Received a gift from Okawaru
 22156 | Vaults:4 | Received a gift from Okawaru
 22298 | Vaults:5 | Entered Level 5 of the Vaults
 22339 | Vaults:5 | Reached XP level 22. HP: 90/131 MP: 30/30
 22348 | Vaults:5 | Reached skill level 15 in Armour
 22432 | Vaults:5 | Noticed a golden dragon
 22450 | Vaults:5 | Killed a golden dragon
 22642 | Vaults:5 | Noticed a dread lich
 22764 | Vaults:5 | Received a gift from Okawaru
 22905 | Vaults:5 | Killed a dread lich
 23090 | Vaults:5 | Found Xamorung's Weapon Shoppe.
 23096 | Vaults:5 | Got a silver rune of Zot
 23179 | Vaults:5 | Found Geetwuh's Distillery.
 23194 | Vaults:5 | Received a gift from Okawaru
 23288 | Vaults:5 | Bought a potion of haste for 110 gold pieces
 23288 | Vaults:5 | Bought a potion of resistance for 110 gold pieces
 23288 | Vaults:5 | Bought a potion of resistance for 110 gold pieces
 23288 | Vaults:5 | Bought 2 potions of invisibility for 176 gold pieces
 23290 | Vaults:5 | Identified the +0 cloak of Qaro {rF- Str+4}
 23307 | Vaults:5 | Identified the +4 ring mail of Poor Excuses {rC- Regen+
                  | Int+5}
 23351 | Vaults:5 | Reached skill level 20 in Fighting
 23660 | Vaults:5 | Identified the +8 shortbow "Pomiw" {freeze, Dex+3}
 23671 | Vaults:5 | Reached skill level 10 in Shields
 23816 | Vaults:5 | Identified the staff of Lugonu's Esteem {rF+ Int-5 Dex+5
                  | Conj Earth}
 23862 | Vaults:5 | Received a gift from Okawaru
 24044 | D:15     | Entered Level 15 of the Dungeon
 24076 | D:15     | Reached XP level 23. HP: 113/137 MP: 31/31
 24122 | D:15     | Found a staircase to the Depths.
 24127 | D:15     | Got a smoky gem with 662 turns to spare
 24202 | Depths:1 | Entered Level 1 of the Depths
 24264 | Depths:1 | Found a shimmering blue altar of Sif Muna.
 24388 | Depths:1 | Acquired the scarf of Tortured Knowledge {repulsion, -Cast
                  | rElec rC+++}
 24621 | Depths:1 | Found a one-way gateway to a ziggurat.
 24710 | Depths:2 | Received a gift from Okawaru
 25064 | Depths:2 | Noticed an ancient lich
 25255 | Depths:2 | Received a gift from Okawaru
 25463 | Depths:2 | Killed an ancient lich
 25495 | Depths:2 | Received a gift from Okawaru
 25636 | Depths:2 | Noticed a golden dragon
 25674 | Depths:2 | Killed a golden dragon
 25812 | Depths:2 | Found a one-way gate leading to the halls of Pandemonium.
 25876 | Depths:2 | Received a gift from Okawaru
 25970 | Depths:2 | Found a gateway to Hell.
 26014 | Depths:2 | Reached XP level 24. HP: 144/144 MP: 31/31
 26096 | Depths:2 | Got Zonguldrok's Encyclopedia of the Graveyard
 26122 | Depths:2 | Identified the +7 double sword of Shrieking Terror {freeze,
                  | *Corrode rC++ Will+}
 26224 | Depths:4 | Entered Level 4 of the Depths
 26287 | Depths:3 | Reached skill level 21 in Fighting
 26541 | Depths:4 | Identified the orb "Cugeimuo" {light, rN+}
 26541 | Depths:4 | Noticed Frederick
 26552 | Depths:4 | Noticed a juggernaut
 26579 | Depths:2 | Identified the +9 double sword "Vijaalot" {freeze, +Blink
                  | Str+3 Dex+2}
 27141 | Depths:4 | Found a gate to the Realm of Zot.
 27190 | Depths:4 | Killed a juggernaut
 27190 | Depths:4 | Received a gift from Okawaru
 27261 | Depths:4 | Got a midnight gem with 201 turns to spare
 27263 | Zot:1    | Entered Level 1 of the Realm of Zot
 27379 | Zot:1    | You fall into a shaft and drop 1 floor!
 27413 | Zot:2    | Reached skill level 1 in Dodging
 27955 | Zot:3    | Received a gift from Okawaru
 27972 | Zot:3    | Noticed a curse toe
 28391 | Zot:3    | Received a gift from Okawaru
 28811 | Zot:4    | Received a gift from Okawaru
 28812 | Zot:4    | Reached skill level 5 in Dodging
 28812 | Zot:4    | Reached XP level 25. HP: 151/151 MP: 32/32
 28979 | Zot:5    | Entered Level 5 of the Realm of Zot
 29200 | Zot:5    | Reached skill level 22 in Fighting
 29416 | Zot:5    | Received a gift from Okawaru
 29445 | Zot:5    | Noticed an ancient lich
 29447 | Zot:5    | Noticed a Killer Klown
 29456 | Zot:5    | Killed an ancient lich
 29464 | Zot:5    | Killed a Killer Klown
 29493 | Zot:5    | Noticed an ancient lich
 29512 | Zot:5    | Killed an ancient lich
 29562 | Zot:5    | Noticed an orb of fire
 29564 | Zot:5    | Noticed a Killer Klown
 29565 | Zot:5    | Gained mutation: You sometimes lose your temper in combat.
                  | [an orb of fire]
 29574 | Zot:5    | Killed an orb of fire
 29594 | Zot:5    | Killed a Killer Klown
 29649 | Zot:5    | Received a gift from Okawaru
 29870 | Zot:5    | Got the Orb of Zot
 30390 | D:9      | Noticed Piotogyze the pandemonium lord
 30401 | D:8      | Noticed an ancient lich
 30402 | D:8      | Noticed Lehoang the pandemonium lord
 30577 | D:3      | Noticed Moqe the pandemonium lord
 30701 | D:$      | Escaped with the Orb!

Illustrated notes

Levels and vault maps discovered:
D:1:      dpeg_arrival_snail, layout_basic
D:2:      minmay_evil_eye, layout_basic, basic_altar
D:3:      layout_loops_corners, mainiacjoe_overflow_tiny_flanked,
          gammafunk_ghost_mausoleum, nicolae_concentric_dashed_squares_mild,
          kennysheep_cross_bottleneck, chequers_big_river
D:4:      layout_gridville, grunt_temple_overflow_open,
          serial_library_hellmonk_open_cross, uniq_eustachio
D:5:      layout_loops_ring, minmay_temple_entry_glassed_door,
          mrwooster_statue_mirror, uniq_blork_the_orc, uniq_sigmund
D:6:      layout_layer_cave, uniq_crazy_yiuf_cottage, uniq_menkaure
D:7:      layout_basic, uniq_maurice
D:8:      layout_loops_cross, enter_bailey_3, kennysheep_generic_room_5,
          uniq_psyche
D:9:      layout_rooms, erik_orc_3, lemuel_flamethrower_2
D:10:     layout_irregular_city, hangedman_fish_farm
D:11:     layout_grid_maze, david_lair_shrubbed
D:12:     layout_irregular_city, serial_shops, nicolae_square_shop,
          portal_ice_cave_entry_imps, uniq_azrael
D:13:     layout_loops_corners, uniq_jorgrun
D:14:     layout_loops_ring, david_vaults_4, minmay_misc_feat_enclosed,
          uniq_rupert
D:15:     hangedman_depths_entry_civil_slaughter, layout_cave_pools,
          bloody_trog, nicolae_trove_entry_path_of_doom,
          chequers_serial_rivers_micro_a, kennysheep_okawaru_gauntlet
Temple:   minmay_crystal_spiral_temple
Lair:1:   layout_chaotic_city, enter_volcano_3, grunt_megastairs_1,
          infiniplex_staircase_pool
Lair:2:   layout_hall_layers
Lair:3:   layout_regular_city, shoals_dummy_entry, spider_nest_entry_rubble,
          serial_bayou_shore_b, uniq_gastronok
Lair:4:   layout_cave_pods, grunt_megastairs_3, uniq_kirke
Lair:5:   due_jungle_book, layout_cave_pods, minmay_slime_entry_eyes,
          grunt_megastairs_4, serial_bayou_shore_a
Shoals:1: layout_shoals
Shoals:2: gammafunk_sealed_arena, layout_shoals, serial_shops, shop,
          uniq_ilsuiw, uniq_polyphemus, uniq_frances
Shoals:3: layout_shoals, nicolae_shoals_undead_eyrie
Shoals:4: shoals_end_hellmonk_holy_island
Spider:1: layout_spider_delve
Spider:2: layout_spider_delve
Spider:3: layout_spider_delve, nicolae_spider_circle_web
Spider:4: guppyfry_spider_rune, hangedman_spider_tarantella_strand
Orc:1:    layout_diamond_mine
Orc:2:    grunt_orc_gardens, layout_caves, grunt_orc_garden, grunt_orc_garden,
          grunt_orc_garden, grunt_orc_garden, basic_altar, lemuel_statue_altar,
          uniq_sonja, uniq_urug
Vaults:1: hangedman_vaults_unwind, vaults_room_boxed, v_alt_pattern_5,
          nicolae_vaults_spaceships, nicolae_vaults_big_ls,
          nicolae_vaults_angled_halls, nicolae_vaults_alarming,
          nicolae_vaults_offset_grid_hallway_1, ontoclasm_vaults_loading_screen,
          vaults_dpeg_encased_lava, vaults_mumra_chevron,
          ontoclasm_vaults_twist, nicolae_vaults_trapezoid_1, layout_vaults_ring
Vaults:2: minmay_crypt_entry_skeletal_spiral, hangedman_vaults_cutoff,
          sword_in_stone, nicolae_vaults_six-pack, v_pattern_4,
          hangedman_vaults_maws, v_misc_17, serial_ice_g, v_misc_29,
          layout_vaults_omnigrid, uniq_mara, uniq_boris, uniq_norris
Vaults:3: nicolae_vaults_network_star, nicolae_vaults_storage_closets_2,
          hangedman_vaults_cutoff, v_misc_23, nicolae_vaults_tangram_2,
          vaults_room_door_hall, nicolae_vaults_six-pack, layout_vaults_big_room
Vaults:4: v_rooms_5, nicolae_vaults_circle_grid_b, ontoclasm_vaults_fire_temple,
          vaults_dpeg_diagonal, v_pattern_5, nicolae_vaults_storage_closets_3,
          nicolae_vaults_taking_the_gang_shopping,
          nicolae_vaults_little_squares_3, nicolae_vaults_specimen_jars,
          nicolae_vaults_trapezoid_lopsided_1, nicolae_vaults_sightless_eye,
          hangedman_vaults_slice, layout_vaults_omnicross
Vaults:5
Depths:1: layout_basic, enter_ziggurat_b, nicolae_sif_muna_condensation,
          grunt_hell_entry_dis_old, serial_bayou_crossing
Depths:2: minmay_the_grid_3x3 [minmay_the_grid_diamond_grid,
          minmay_the_grid_minigrid_small, minmay_the_grid_gridbox,
          minmay_the_grid_x, minmay_the_grid_all_tris,
          minmay_the_grid_pillar_ring, minmay_the_grid_fan,
          minmay_the_grid_small_cups, minmay_the_grid_prize_four_corners],
          layout_cave_pools, special_room [special_room_morgue],
          rand_demon_pan_entry_1, hell_entry, minmay_misc_feat_chi,
          nicolae_rock_paper_scissors, minmay_staircase_statues, uniq_sojobo
Depths:3: cheibrodos_leafed_vault, layout_gridville, hell_entry,
          abyss_entry_glasseish, pan_entry
Depths:4: grunt_x_marks_the_spot, layout_cave_shapes,
          nicolae_hepliaklqana_hazy_memory, hell_entry, drop_trap,
          uniq_frederick
Zot:1:    layout_twisted_circle, skrybe_zot_glass_2
Zot:2:    layout_cellular_growth, regret_index_zotdec_twisting_globes
Zot:3:    layout_twisted_circle, st_small_dragon_hoard_4
Zot:4:    layout_cathedral_of_symmetry, st_small_dragon_hoard_1
Zot:5:    layout_basic, st_stairs_4

Skill      XL: |  1  2  3  4  5  6  7  8  9 10 11 12 13 14 15 16 17 18 19 20 21 22 23 24 25 |
---------------+----------------------------------------------------------------------------+-----
Short Blades   | 2 3 5 6 8 9 11 12 13 14 | 14.0
Fighting       | 3 4 5 6 7 8 9 10 11 13 15 16 17 18 19 20 21 22 | 22.4
Armour         | 3 4 5 7 8 10 12 14 15 16 17 | 17.0
Throwing       | 1 3 7 8 10 11 12 13 | 13.3
Invocations    | 1 5 9 10 11 13 | 13.3
Shields        | 4 5 8 10 11 12 | 12.4
Stealth        | 6 |  6.6
Evocations     | 5 8 10 12 | 12.5
Dodging        | 5 7 |  7.6

Action                     |  1- 3 |  4- 6 |  7- 9 | 10-12 | 13-15 | 16-18 | 19-21 | 22-24 | 25-27 || total
---------------------------+-------+-------+-------+-------+-------+-------+-------+-------+-------++-------
  Melee: Rapier            |    87 |   139 |   249 |   544 |       |       |       |       |       ||  1019
         Bite              |    16 |    43 |    71 |   339 |   795 |   670 |   888 |  1550 |   318 ||  4690
         Quick blade       |       |       |       |   263 |  1723 |  1468 |  1515 |  2476 |   562 ||  8007
  Throw: Javelin           |       |       |       |       |       |    10 |       |       |       ||    10
 Invoke: Heroism           |       |       |       |     1 |     7 |     4 |     3 |     6 |     3 ||    24
         Receive Weapon    |       |       |       |     1 |       |       |       |       |       ||     1
         Receive Armour    |       |       |       |     1 |       |       |       |       |       ||     1
         Finesse           |       |       |       |       |     1 |       |     2 |     1 |     1 ||     5
Ability: Evoke Blink       |       |       |       |       |       |       |       |     1 |       ||     1
  Evoke: Wand              |       |       |     4 |     3 |       |     2 |       |     1 |       ||    10
         Condenser vane    |       |       |       |       |     2 |     1 |     1 |     1 |       ||     5
    Use: Scroll            |       |     8 |     5 |     9 |    11 |     5 |     8 |     8 |     2 ||    56
         Potion            |       |       |       |       |       |     6 |     1 |     9 |     3 ||    19
   Stab: Distracted        |       |     2 |     3 |    11 |       |       |       |       |       ||    16
         Paralysed         |       |       |     6 |     3 |       |       |       |       |       ||     9
 Armour: Scale mail        |    50 |   115 |    44 |       |       |       |       |       |       ||   209
         Chain mail        |       |       |    66 |       |       |       |       |       |       ||    66
         Ring mail         |       |       |    29 |   266 |       |       |       |       |       ||   295
         Skin              |       |       |    24 |       |       |       |       |       |       ||    24
         Crystal plate arm |       |       |       |    95 |   592 |   594 |   491 |  1058 |   186 ||  3016
  Dodge: Dodged            |    34 |    56 |    88 |   329 |   336 |   436 |   232 |   326 |    89 ||  1926
         Repelled          |       |       |       |       |       |       |       |    10 |     6 ||    16
  Block: Buckler           |    19 |    35 |    40 |   122 |   148 |   199 |    60 |       |       ||   623
         Kite shield       |       |       |       |       |       |       |   158 |   617 |   130 ||   905
